Cogmind - Beta 9.4 @@@ ROGUE MODE // 2020.02.16 @ 16:22:45 // Winter2019/RPGLIKE Player: Exeight Result: Self-destructed Performance ------------- Evolutions (2) 1000 Regions Visited (5) 1000 Robots Destroyed (47) 235 Value Destroyed (900) 900 Prototype IDs (1) 20 Alien Tech Used (0) 0 Bonus (-137) -137 TOTAL SCORE: 3018 Bonus ------- Follower Combat Kills 35 Friendly Fire -172 Cogmind --------- Core Integrity 590/600 Matter 276/300 Energy 160/160 System Corruption 0% Temperature Cool (0) Movement Treading (160) Location -8/Materials Parts ------- > --- POWER (1) -------- Light Nuclear Core > --- PROPULSION (1) --- Light Treads > --- UTILITY (6) ------ Improved Heat Sink Improved Heat Sink Sensor Array Improved Targeting Computer Target Analyzer Armor Integrity Analyzer > --- WEAPON (2) ------- Enhanced Autogun Enhanced Autogun > --- INVENTORY (0) ---- (None) Peak State ------------ > --- POWER ------------ Light Nuclear Core > --- PROPULSION ------- Light Treads > --- UTILITY ---------- Improved Heat Sink Improved Heat Sink Sensor Array Improved Targeting Computer Target Analyzer Armor Integrity Analyzer > --- WEAPON ----------- Enhanced Autogun Enhanced Autogun > --- INVENTORY -------- (None) [Rating: 26] Favorites ----------- Power Ion Engine Engine Ion Engine Power Core Light Nuclear Core Propulsion Light Treads Treads Light Treads Utility Sensor Array Device Sensor Array Processor Targeting Computer Weapon Improved Light Cannon Energy Gun Beamcaster Ballistic Gun Enhanced Autogun Ballistic Cannon Improved Light Cannon Build | -11 -10 -10 -10 -9 -8 ------- Run | Scr Mat Min Exi Min Mat Slots Evolved 6 | 1 1 . . 3 1 Power . | . . . . . . Propulsion . | . . . . . . Utility 5 | . 1 . . 3 1 Weapon 1 | 1 . . . . . Parts Attached 19 | 4 4 1 . 7 3 Power 2 | 1 . . . 1 . Engine 1 | 1 . . . . . Core 1 | . . . . 1 . Reactor . | . . . . . . Propulsion 1 | 1 . . . . . Treads 1 | 1 . . . . . Leg . | . . . . . . Wheel . | . . . . . . Hover . | . . . . . . Flight . | . . . . . . Utility 8 | . 2 . . 5 1 Device 4 | . 1 . . 3 . Storage . | . . . . . . Processor 4 | . 1 . . 2 1 Hackware . | . . . . . . Protection . | . . . . . . Artifact . | . . . . . . Weapon 8 | 2 2 1 . 1 2 Energy Gun 3 | 1 . 1 . 1 . Energy Cannon . | . . . . . . Ballistic Gun 3 | 1 . . . . 2 Ballistic Cannon 2 | . 2 . . . . Launcher . | . . . . . . Special Weapon . | . . . . . . Impact Weapon . | . . . . . . Slashing Weapon . | . . . . . . Piercing Weapon . | . . . . . . Special Melee Weapon . | . . . . . . Unidentified Prototypes 1 | . . . . . 1 Parts Lost . | . . . . . . Power . | . . . . . . Propulsion . | . . . . . . Utility . | . . . . . . Weapon . | . . . . . . Highest Loss Streak . | . . . . . . Average Slot Usage (%) 98 | . 96 100 100 97 98 Engine 11 | . 18 16 16 . . Core 3 | . . . . 10 10 Treads 15 | . 18 16 16 11 10 Device 17 | . 7 16 16 29 30 Processor 17 | . 14 16 16 20 28 Energy Gun 7 | . . . 16 19 2 Ballistic Cannon 22 | . 34 31 16 3 . Naked Turns . | . . . . . . Heaviest Build 18 | 9 14 15 15 18 18 Greatest Support 20 | 20 20 20 20 20 20 Greatest Overweight (x) . | . . . . . . Average Overweight (x) . | . . . . . . Largest Inventory Capacity . | . . . . . . Average Capacity . | . . . . . . Most Carried . | . . . . . . Average Carried . | . . . . . . Final Capacity . | . . . . . . Final Carried . | . . . . . . Class Distribution -------------------- 77% | Mutant 22% | Scavenger-Mutant Dominant Class ---------------- Mutant | -10/Materials Mutant | -10/Mines Mutant | -10/Exiles Scavenger-Mutant | -9/Mines Mutant | -8/Materials Resources | -11 -10 -10 -10 -9 -8 ----------- Run | Scr Mat Min Exi Min Mat Matter Collected 884 | 237 315 162 . 98 72 Remotely . | . . . . . . Salvage Created 1073 | . 215 86 . 557 215 Parts 89 | . 33 24 . 20 12 Haulers Intercepted 2 | . 1 . . . 1 Recyclers Shooed . | . . . . . . Parts Field Recycled . | . . . . . . Retrieved Matter . | . . . . . . Parts Self-Destructed . | . . . . . . Prevented . | . . . . . . Kills | -11 -10 -10 -10 -9 -8 ------- Run | Scr Mat Min Exi Min Mat Combat Hostiles Destroyed 34 | . 10 11 . 11 2 Guns 13 | . . . . 11 2 Cannons 21 | . 10 11 . . . Classes Destroyed 10 | . 7 . . 2 1 Worker 3 | . 1 2 . . . Builder 2 | . 2 . . . . Hauler 2 | . 1 . . . 1 Recycler 1 | . 1 . . . . Watcher 4 | . 3 . . . 1 Swarmer 20 | . 9 11 . . . Grunt 12 | . 1 . . 9 2 Brawler 1 | . . . . 1 . Duelist 1 | . . . . 1 . Sentry 1 | . . . . . 1 Best Kill Streak 7 | . 7 5 . 3 3 Combat Bots Only 4 | . 4 3 . 3 2 Max Kills in Single Turn 1 | . 1 1 . 1 1 Gunslinging . | . . . . . . Exploded . | . . . . . . Melee . | . . . . . . Uniques/NPCs Destroyed . | . . . . . . Combat | -11 -10 -10 -10 -9 -8 -------- Run | Scr Mat Min Exi Min Mat Damage Taken 1111 | . 439 399 . 260 13 Core 881 | . 347 318 . 206 10 Absorbed by Shields . | . . . . . . Redirected to Core 705 | . 269 248 . 178 10 Core Remaining (%) 100 | 100 . . . 100 . Volleys Fired 84 | . 34 19 . 20 11 Largest 2 | . 2 2 . 2 2 Hottest 150 | . 78 78 . 150 50 Shots Fired 168 | . 68 38 . 40 22 Gun 55 | . . . . 33 22 Cannon 113 | . 68 38 . 7 . Launcher . | . . . . . . Special . | . . . . . . Kinetic 135 | . 68 38 . 7 22 Thermal 33 | . . . . 33 . Explosive . | . . . . . . Electromagnetic . | . . . . . . Robot Hit Streak 18 | . 9 10 . 18 5 Robot Miss Streak 3 | . 3 1 . 1 2 Penetration Max . | . . . . . . Secondary Targets 1 | . . . . 1 . Max Gunslinging Chain 1 | . . . . 1 . Shots Hit Robots 100 | . 34 22 . 29 15 Core Hits 51 | . 18 13 . 14 6 Critical Hits 4 | . 2 . . . 2 Critical Kills . | . . . . . . Critical Parts Destroyed 4 | . 2 . . . 2 Melee Attacks . | . . . . . . Impact . | . . . . . . Slashing . | . . . . . . Piercing . | . . . . . . Sneak Attacks . | . . . . . . Combat Hostiles . | . . . . . . Follow-up Attacks . | . . . . . . Damage Inflicted 2430 | . 828 613 . 613 376 Guns 918 | . . . . 542 376 Cannons 1411 | . 828 512 . 71 . Explosions 99 | . . 99 . . . Melee . | . . . . . . Ramming 2 | . . 2 . . . Kinetic 1787 | . 828 512 . 71 376 Thermal 641 | . . 99 . 542 . Explosive . | . . . . . . Electromagnetic . | . . . . . . Impact . | . . . . . . Slashing . | . . . . . . Piercing . | . . . . . . Highest Corruption . | . . . . . . Average Corruption . | . . . . . . Corruption Purged . | . . . . . . Overload Shots . | . . . . . . Overflow Damage 30 | . 23 7 . . . Projectiles 30 | . 23 7 . . . Explosions . | . . . . . . Melee . | . . . . . . Knockbacks 14 | . 13 1 . . . Impact . | . . . . . . Kinetic 12 | . 11 1 . . . Secondary 2 | . 2 . . . . Self-Inflicted Damage 15 | . . 15 . . . Shots 1 | . . 1 . . . Rammed 2 | . 1 1 . . . Targets Rammed 2 | . 1 1 . . . Kicked . | . . . . . . Crushed . | . . . . . . Highest Temperature 354 | . 144 87 . 354 . Average Temperature 68 | . 58 34 . 111 . Received Heat Transfer 90 | . . . . 81 9 Effects 3 | . . . . 3 . Energy Bleed 2 | . . . . 2 . Damage (minor) 1 | . . . . 1 . Siege Activations . | . . . . . . Robots Corrupted . | . . . . . . Combat Hostiles . | . . . . . . Parts Fried . | . . . . . . Impact Corruptions 1 | . 1 . . . . Robots Melted . | . . . . . . Combat Hostiles . | . . . . . . Parts Melted 3 | . . . . 3 . Heat Transferred 1062 | . . 100 . 962 . Parts Sabotaged . | . . . . . . Parts Stolen . | . . . . . . Parts Stripped . | . . . . . . Power Chain Reactions . | . . . . . . Missiles Intercepted . | . . . . . . Alert | -11 -10 -10 -10 -9 -8 ------- Run | Scr Mat Min Exi Min Mat Peak Influence 214 | . 202 214 . 205 104 Average Influence 73 | . 87 84 . 52 57 Maximum Alert Level 1 | . 1 1 . 1 . Low Security (%) 88 | 100 87 83 . 95 100 Level 1 11 | . 12 16 . 4 . Level 2 . | . . . . . . Level 3 . | . . . . . . Level 4 . | . . . . . . Level 5 . | . . . . . . High Security . | . . . . . . Max Security . | . . . . . . Squads Dispatched 1 | . 1 . . . . Investigation . | . . . . . . Extermination . | . . . . . . Reinforcement 1 | . 1 . . . . Assault . | . . . . . . Garrison . | . . . . . . Intercept . | . . . . . . Construction Impeded . | . . . . . . Haulers Reinforced . | . . . . . . Stealth | -11 -10 -10 -10 -9 -8 --------- Run | Scr Mat Min Exi Min Mat Distress Signals 2 | . 1 . . . 1 Communications Jammed . | . . . . . . Distress Signals . | . . . . . . Times Spotted 40 | . 13 10 . 12 5 Peak Tracking Total 3 | . 3 3 . 3 3 Tactical Retreats 1 | . . . . 1 . Traps | -11 -10 -10 -10 -9 -8 ------- Run | Scr Mat Min Exi Min Mat Traps Triggered 1 | . . 1 . . . Indirectly . | . . . . . . Trap Hack Attempts . | . . . . . . Triggered . | . . . . . . Disarmed 16 | . 16 . . . . Reprogrammed . | . . . . . . Reused . | . . . . . . Traps Extracted . | . . . . . . Installed . | . . . . . . Triggered . | . . . . . . Machines | -11 -10 -10 -10 -9 -8 ---------- Run | Scr Mat Min Exi Min Mat Machines Disabled 6 | . 3 3 . . . Max in Single Turn 1 | . 1 1 . . . Machines Sabotaged . | . . . . . . Garrisons Compromised . | . . . . . . Overloaded Fab Kills . | . . . . . . Fab Network Shutdowns . | . . . . . . Hacking | -11 -10 -10 -10 -9 -8 --------- Run | Scr Mat Min Exi Min Mat Machines Accessed 6 | . 5 1 . . . Terminals 5 | . 5 . . . . Fabricators . | . . . . . . Repair Stations . | . . . . . . Recycling Units . | . . . . . . Scanalyzers . | . . . . . . Garrison Access . | . . . . . . Total Hacks 9 | . 8 1 . . . Successful 7 | . 6 1 . . . Failed 2 | . 2 . . . . Catastrophic . | . . . . . . Database Lockouts . | . . . . . . Manual 8 | . 8 . . . . Terminals 8 | . 8 . . . . Fabricators . | . . . . . . Repair Stations . | . . . . . . Recycling Units . | . . . . . . Scanalyzers . | . . . . . . Garrison Access . | . . . . . . Terminal Hacks 4 | . 3 1 . . . Open Door 1 | . . 1 . . . Disarm Traps 3 | . 3 . . . . Fabricator Hacks . | . . . . . . Repair Station Hacks . | . . . . . . Recycling Unit Hacks . | . . . . . . Scanalyzer . | . . . . . . Garrison Access Hacks . | . . . . . . Unauthorized Hacks 7 | . 7 . . . . Terminals 3 | . 3 . . . . Track 3 | . 3 . . . . Fabricators . | . . . . . . Repair Stations . | . . . . . . Recycling Units . | . . . . . . Scanalyzers . | . . . . . . Garrison Access . | . . . . . . Data Cores Recovered . | . . . . . . Used . | . . . . . . Hacking Detections 4 | . 4 . . . . Full Trace Events . | . . . . . . Feedback Events . | . . . . . . Feedback Blocked . | . . . . . . Robot Schematics Acquired . | . . . . . . Robots Built . | . . . . . . Matter . | . . . . . . Time . | . . . . . . Total Robot Build Rating . | . . . . . . Part Schematics Acquired . | . . . . . . Parts Built . | . . . . . . Matter . | . . . . . . Time . | . . . . . . Total Part Build Rating . | . . . . . . Parts Repaired . | . . . . . . Time . | . . . . . . Parts Recycled . | . . . . . . Recycled Matter . | . . . . . . Retrieved Matter . | . . . . . . Retrieved Components . | . . . . . . Parts Scanalyzed . | . . . . . . Part Schematics Acquired . | . . . . . . Parts Damaged . | . . . . . . Bothacking | -11 -10 -10 -10 -9 -8 ------------ Run | Scr Mat Min Exi Min Mat Used RIF Installer . | . . . . . . Robots Hacked . | . . . . . . Non-combat . | . . . . . . Combat . | . . . . . . Robot Hacks Applied . | . . . . . . Relay Couplers Released . | . . . . . . Robots Rewired . | . . . . . . Allies Hacked . | . . . . . . Hacks Repelled . | . . . . . . Allies | -11 -10 -10 -10 -9 -8 -------- Run | Scr Mat Min Exi Min Mat Total Allies 3 | . . . . 3 . Largest Group 3 | . . . . 3 3 Highest-Rated Group 40 | . . . . 40 40 Highest-Rated Ally 16 | . . . . 16 16 Total Orders . | . . . . . . Ally Attacks 12 | . . . . . 12 Total Damage 178 | . . . . . 178 Kills 1 | . . . . . 1 Allies Corrupted . | . . . . . . Allies Melted . | . . . . . . Intel | -11 -10 -10 -10 -9 -8 ------- Run | Scr Mat Min Exi Min Mat Robot Analysis Total . | . . . . . . Derelict Logs Recovered 3 | . . 2 . 1 . Drone Launches . | . . . . . . Drone Recoveries . | . . . . . . Exploration | -11 -10 -10 -10 -9 -8 ------------- Run | Scr Mat Min Exi Min Mat Turns Passed 3860 | 62 1110 1153 308 1119 108 Spaces Moved 2144 | 39 603 659 193 603 47 Core 5 | 5 . . . . . Treads 2139 | 34 603 659 193 603 47 Legs . | . . . . . . Wheels . | . . . . . . Hover . | . . . . . . Flight . | . . . . . . Fastest Speed 50 | 50 160 160 160 160 160 Average Speed 159 | 145 160 160 160 160 160 Slowest Speed 160 | 160 160 160 160 160 160 Overloaded Moves . | . . . . . . Propulsion Burnouts . | . . . . . . Robots Hopped . | . . . . . . Cave-ins Triggered . | . . . . . . Exploration Rate (%) 59 | 3 96 98 58 89 12 Regions Visited 5 Branch Regions 3 Pre-discovered Areas 3 | . . 2 . 1 . Known Exits Taken . | . . . . . . Unknown Exits Taken 5 | 1 1 1 1 1 . Scrap Searched 4 | . . 3 . 1 . Spaces Dug . | . . . . . . Terrain Destroyed 45 | . 17 26 . 2 . Melee . | . . . . . . Projectile 28 | . 17 9 . 2 . AOE 17 | . . 17 . . . Actions | -11 -10 -10 -10 -9 -8 --------- Run | Scr Mat Min Exi Min Mat Total 2414 | 42 679 719 192 716 66 Wait 105 | . 28 30 . 44 3 Move 2139 | 38 602 658 192 602 47 Hop . | . . . . . . Pick Up . | . . . . . . Fast Attach 19 | 4 4 1 . 7 3 Attach . | . . . . . . Detach . | . . . . . . Swap . | . . . . . . Drop 9 | . 2 1 . 4 2 Fire 84 | . 34 19 . 20 11 Melee . | . . . . . . Ram . | . . . . . . Kick . | . . . . . . Crush 2 | . 1 1 . . . Escape Stasis . | . . . . . . Rewire . | . . . . . . Trap . | . . . . . . Miscellaneous 56 | . 8 9 . 39 . Route ------- -11/Scrapyard -10/Materials (discovered 4 exits: [*Mat x3] / *Min) -10/Mines (discovered 3 exits: [*Mat x2] / [*Exi]) -10/Exiles (discovered 2 exits: [*Min x2]) -9/Mines (discovered 2 exits: [*Mat x2]) -8/Materials History --------- Turn | Location | Event 3 | -11/Scrapyard | Discovered new exit (range 15) 28 | -11/Scrapyard | Upgraded with Weapon slot (x1) 63 | -11/Scrapyard | Entered Materials 292 | -10/Materials | Discovered new exit (range 6) 315 | -10/Materials | Build established: Mutant 417 | -10/Materials | Discovered new exit (range 12) 653 | -10/Materials | Upgraded with Utility slot (x1) 847 | -10/Materials | Discovered new exit (range 5) 994 | -10/Materials | Discovered new exit (range 15) 1173 | -10/Materials | Entered Mines 1175 | -10/Mines | Reached level 2 1206 | -10/Mines | Core integrity fell below 50% 1215 | -10/Mines | Met a Derelict bent on vengeance 1324 | -10/Mines | Met a Derelict who couldn't figure out how to use a Trap Extractor 1356 | -10/Mines | Learned location of Zion (-7) 1490 | -10/Mines | Deemed a non-threat by the Exiles lab entrance 1562 | -10/Mines | Discovered new exit (range 14) 1794 | -10/Mines | Learned location of Mines (-9) 1808 | -10/Mines | Discovered new exit (range 6) 1812 | -10/Mines | Reached level 3 2319 | -10/Mines | Discovered new exit (range 5) 2326 | -10/Mines | Entered Exiles 2347 | -10/Exiles | Discovered new exit (range 15) 2365 | -10/Exiles | Met 8R-AWN 2390 | -10/Exiles | Met EX-HEX 2464 | -10/Exiles | Met EX-DEC 2608 | -10/Exiles | Discovered new exit (range 12) 2634 | -10/Exiles | Entered Mines 2672 | -9/Mines | Reached level 4 2695 | -9/Mines | Upgraded with Utility slot (x1) 2756 | -9/Mines | Joined a pair of Derelicts in attacking an 0b10 outpost 2789 | -9/Mines | Upgraded with Utility slot (x2) 2789 | -9/Mines | Learned Materials emergency access door positions 3162 | -9/Mines | Discovered new exit (range 12) 3169 | -9/Mines | Learned location of Storage (-8) 3228 | -9/Mines | Build established: Scavenger-Mutant 3346 | -9/Mines | Discovered new exit (range 5) 3593 | -9/Mines | Assisted by bots powering up and referring to "LRC-V3" 3753 | -9/Mines | Entered Materials 3753 | -8/Materials | Accompanied by 3 allies 3755 | -8/Materials | Reached level 5 3757 | -8/Materials | Upgraded with Utility slot (x1) 3859 | -8/Materials | Reached level 6 3861 | -8/Materials | Self-destructed Last Messages --------------- Acquired Enh. Autogun. Acquired Target Analyzer. W-25 Informer sends out distress signal. W-25 Informer destroyed. Y-45 Defender destroyed. Acquired 48 matter. Mercenary 2a destroyed. Acquired 6 matter. G-47 Trooper destroyed. Acquired 6 matter. G-47 Trooper destroyed. A-02 Transporter suffers critical hit. Destroyed Lgt. Treads. Acquired 6 matter. Trooper 2b suffers critical hit. Destroyed Aluminum Leg. Acquired 6 matter. Trooper 2b destroyed. Reached level 6. A-02 Transporter destroyed. Map ----- +----------------------------------------------------+ | ?????????????????????????????????????????? | | ?????????????????????????????????????????? | | ?????????????????????????????????????????? | | ?????????????????????????????????????????? | | ?????????????????????????????????????????? | | ?????????????????????????????????????????? | | ?????????????????????????????????????????? | | ?????????????????????????????????????????? | | ##???????????????????????????????????????? | | #???????????????????????????????????????? | | #???????????????????????????????????????? | | #??????????????####??###????????????????? | | #??????????????# ?? ??????????????? | | #??????????????# ?? #????????????? | | #??????????????# "?" #????????????? | | #?###??????????# "R #????????????? | | #?# ########???# """ #????????????? | | +#?# #???# """ #??###???????? | | #?# """ ##### ###%%##??????? | | ### *""" + %#??????? | | # =%""" #?# %#??????? | | *# =%*%* #?# """" %#??????? | | =!+%[[!""" #?# """" %#??????? | | *!#! [""" #?# """" %%#???????? | | # """ ### =[[g #??????????? | | ## + % ![%@[ #??????????? | | ############# ##/##+##??????????? | | #???????????# # ??????????????? | | #???????????# #"" ??????????????? | | #???????????# #"T ?????????????? | | #???????????# #"" ?????????????? | | #???????????# # ????????????? | | #???????????###+## ### ????????????? | | #????????????????# #?#######???????????? | | #????????????????# #???????????????????? | | ?????????????????# #???????????????????? | | ?????????????????# #???????????????????? | | ???????????????????# #???????????????????? | | ???????????????????? ????????????????????? | | ???????????????????? ????????????????????? | | ???????????????????? ????????????????????? | | ?????????????????????????????????????????? | | ?????????????????????????????????????????? | | ?????????????????????????????????????????? | | ?????????????????????????????????????????? | | ?????????????????????????????????????????? | | ?????????????????????????????????????????? | | ?????????????????????????????????????????? | | ?????????????????????????????????????????? | | ?????????????????????????????????????????? | +----------------------------------------------------+ Best States ------------- Heat Dissipation 53 Energy Generation 14 Energy Capacity 250 Matter Stores 300 Matter Capacity 300 Sight Range 16 Robot Scan Range 10 Terrain Scan Density 10 Evasion (%) 40 Targeting Accuracy 6 Target Analysis 5 Armor Integrity Analysis 33 Recoil Reduction 1 Item Schematics ----------------- None Robot Schematics ------------------ None Fabricated ------------ Nothing Alien Tech Used ----------------- None Achievements -------------- None Challenges ------------ None RPGLIKE | -11 -10 -10 -10 -9 -8 --------- Run | Scr Mat Min Exi Min Mat Levels Raised 5 | . . 2 . 1 2 XP Earned 10502 | 3000 1490 1975 200 1850 1987 XP Spent 7900 | 2000 900 . . 3300 1700 Upgrades 10 | 4 2 . . 3 1 Utility Slot 5 | . 1 . . 3 1 Weapon Slot 1 | 1 . . . . . Ranged Accuracy 1 | . 1 . . . . KI Damage % 3 | 3 . . . . . Protomatter Created 187 | . 51 26 . 77 33 Integrity Restored 1103 | . 130 171 . 802 . Core 871 | . 106 171 . 594 . Parts 232 | . 24 . . 208 . Protomatter Decayed 50 | . 6 . . 44 . Game ------ Seed PointPulseClaws Manual? 0 Play Time 00:24:00 Cumulative 51.7 hours Start 2019.12.28 @ 22:00:51 End 2020.02.16 @ 16:22:45 Sessions 3 Manual Loads 0 Difficulty Rogue Special Mode Winter2019/RPGLIKE Game No. 53 Rogue 53 Adventurer 0 Explorer 0 Win Type - Total 0 Types 0/0/0/0/0/0/0 Lore% 22 Gallery% 28 Achievement% 28 Wizard Run 0 Options --------- ASCII 0 Keyboard 0 Movement Mouse Keybinds 0 Fullscreen 0 Font 32/SmallcapsGlow Map View 76x50 Tactical HUD 0 Map Filters NONE Filters NONE Steam 1 RUN: 119d3c98-2aa1-48f8-b2e6-c6c8ffdf241c